 Dungeon Crawl Stone Soup version 0.18-a0-1805-g8ab820f (webtiles) character file.

62 varam the Insei (level 3, 29/29 HPs)
             Began as a Draconian Transmuter on Apr 26, 2016.
             Quit the game on level 2 of the Dungeon.
             The game lasted 00:13:43 (1802 turns).

varam the Insei (Draconian Transmuter)              Turns: 1802, Time: 00:13:44

Health: 29/29      AC:  5    Str: 12    XL:     3   Next: 85%
Magic:  6/6        EV: 12    Int: 13    God:
Gold:   141        SH:  0    Dex: 12    Spells: 1 memorised, 5 levels left

rFire  . . .     SeeInvis .       - Unarmed
rCold  . . .     Gourm    .     (armour unavailable)
rNeg   . . .     Faith    .     (no shield)
rPois  .         Spirit   +     (helmet restricted)
rElec  .         Dismiss  .     (no cloak)
rCorr  .         Reflect  .     (no gloves)
SustAt .         Harm     .     (no boots)
MR     .....                    j - amulet of guardian spirit
Stlth  +.........               (no ring)
                                (no ring)

@: not resistant to hostile enchantments, very unstealthy
A: unfitting armour, cold-blooded, AC +5
a: no special abilities


You were on level 2 of the Dungeon.
You were not hungry.

You visited 1 branch of the dungeon, and saw 2 of its levels.

You collected 141 gold pieces.

Inventory:

Missiles
 a - 25 arrows
Jewellery
 j - an amulet of guardian spirit (around neck)
Scrolls
 d - a scroll of amnesia {unknown}
 e - 2 scrolls of fog {unknown}
 g - 3 scrolls of identify {unknown}
 m - a scroll of random uselessness {unknown}
Potions
 f - a potion of heal wounds {unknown}
 i - a potion of agility {unknown}
 k - a potion of flight {unknown}
Books
 b - a book of Changes

   Spells                             Type                      Level
   a - Beastly Appendage              Transmutation                1
   b - Sticks to Snakes               Transmutation                2
   c - Spider Form                    Transmutation/Poison         3
   d - Ice Form                       Ice/Transmutation            4
   e - Blade Hands                    Transmutation                5
Comestibles
 h - a chunk of flesh
 l - a beef jerky


   Skills:
 + Level 1.9 Fighting
 - Level 1.7 Dodging
 * Level 3.7 Unarmed Combat
 + Level 2.3 Spellcasting
 * Level 2.8 Transmutations


You had 5 spell levels left.
You knew the following spells:

 Your Spells              Type           Power        Failure   Level  Hunger
a - Beastly Appendage     Trmt           #.....       10%         1    #......


Dungeon Overview and Level Annotations

Branches:
Dungeon (2/15)

Altars:


Innate Abilities, Weirdness & Mutations

Your plain brown scales are hard (AC +5).
Your body does not fit into most forms of armour.
You are cold-blooded and may be slowed by cold attacks.


Message History

The bat is heavily wounded.
The bat hits you. The bat hits you.
You hit the bat but do no damage. You claw the bat.
You kill the bat!
No target in view!
No target in view!
You see here 29 stones.
You now have 141 gold pieces (gained 8).
Your talons disappear.
Found a shield.
Found a stone staircase leading up.
You see here a shield.
Saving game... please wait.
Welcome back, varam the Draconian Transmuter.
Press ? for a list of commands and other information.
Saving game... please wait.
Welcome back, varam the Draconian Transmuter.
Press ? for a list of commands and other information.
Are you sure you want to abandon this character and quit the game? (Confirm with "yes".)

#.### ##.....##
#.....# #.# #.
##...## ##...##
#.# #+## ##.##
#.. ###. #.# ###
... #.# ##.. #.#
##<..# #.#
#.....########.#
#....@........#
##.############


There were no monsters in sight!

Vanquished Creatures
  2 adders (D:2)
  An ooze (D:2)
  A worm (D:2)
  A dart slug (D:1)
  A giant gecko (D:1)
  A giant cockroach (D:1)
  2 hobgoblins (D:1)
  3 jackals (D:2)
  A kobold (D:1)
  A quokka (D:2)
  7 bats
  3 giant newts
  4 goblins
  6 rats
34 creatures vanquished.

Notes
Turn   | Place    | Note
--------------------------------------------------------------
     0 | D:1      | varam the Draconian Transmuter began the quest for the Orb.
     0 | D:1      | Reached XP level 1. HP: 16/16 MP: 3/3
   361 | D:1      | Reached XP level 2. HP: 23/23 MP: 5/5
   947 | D:2      | Reached XP level 3. HP: 22/29 MP: 4/6
  1802 | D:2      | Quit the game

Vault maps used:
D:1:      nicolae_arrival_memento_mori, serial_curves, eino_curves_04,
          eino_curves_02

Action                   || total
-------------------------++-------
Melee: Unarmed           ||   137
       Tailslap          ||     9
       Headbutt          ||     8
       Kick              ||     6
       Punch             ||     3
       Staff             ||    11
 Cast: Beastly Appendage ||    20
 Stab: Sleeping          ||     1
  Eat: Bread ration      ||     1
       Chunk             ||     1
Armor: Skin              ||    75
Dodge: Dodged            ||   145
